 Dungeon Crawl Stone Soup version 0.19.1-1-g22dce08 (webtiles) character file.

39 theAP the Grave Robber (level 3, 0/24 HPs)
             Began as a Demonspawn Necromancer on Dec 31, 2016.
             Succumbed to an adder's poison
             ... on level 2 of the Dungeon.
             The game lasted 00:09:01 (1079 turns).

theAP the Grave Robber (Demonspawn Necromancer)     Turns: 1079, Time: 00:09:02

Health: 0/24       AC:  5    Str:  8    XL:     3   Next: 28%
Magic:  3/6        EV: 17    Int: 22    God:
Gold:   69         SH:  0    Dex: 18    Spells: 1 memorised, 5 levels left

rFire  . . .     SeeInvis .     d - +0 whip
rCold  . . .     Gourm    .     l - +0 leather armour
rNeg   . . .     Faith    .     (no shield)
rPois  .         Spirit   .     (helmet restricted)
rElec  .         Reflect  .     (no cloak)
rCorr  .         Harm     .     (no gloves)
MR     .....                    (no boots)
Stlth  +++.......               (no amulet)
                                (no ring)
                                (no ring)

@: brilliant, agile, lethally poisoned (0 -> -8), very slightly contaminated,
hasted, very quick
A: antennae 1, slimy green scales 1
a: no special abilities


You were on level 2 of the Dungeon.
You were not hungry.

You visited 1 branch of the dungeon, and saw 2 of its levels.

You collected 69 gold pieces.

Inventory:

Hand Weapons
 d - a +0 whip (weapon)
Armour
 a - a +0 robe
 l - a +0 leather armour (worn)
Scrolls
 e - a scroll of random uselessness {unknown}
 g - a scroll of enchant armour {unknown}
 i - a scroll of teleportation {unknown}
 j - 2 scrolls of enchant weapon {unknown}
 m - a scroll of fear {unknown}
 n - a scroll of identify
 p - a scroll of noise {unknown}
 q - a scroll of fog {unknown}
Books
 b - a book of Necromancy

   Spells                             Type                      Level
   a - Pain                           Necromancy                   1
   b - Animate Skeleton               Necromancy                   1
   c - Vampiric Draining              Necromancy                   3
   d - Regeneration                   Charms/Necromancy            3
   e - Animate Dead                   Necromancy                   4
   f - Control Undead                 Necromancy                   4
Comestibles
 c - a bread ration
 f - 2 meat rations


   Skills:
 * Level 2.0 Maces & Flails
 - Level 1.7 Dodging
 - Level 1.7 Stealth
 - Level 2.1 Spellcasting
 - Level 4.7 Necromancy


You had 5 spell levels left.
You knew the following spells:

 Your Spells              Type           Power        Failure   Level  Hunger
a - Pain                  Necr           ####         1%          1    #......


Dungeon Overview and Level Annotations

Branches:
Dungeon (2/15)

Altars:
Trog


Innate Abilities, Weirdness & Mutations

You have a pair of small antennae on your head.
You are partially covered in slimy green scales. (AC +2)


Message History

The adder bites you.
* * * LOW HITPOINT WARNING * * *
You are lethally poisoned!
The adder poisons you!
It was a potion of haste.
You feel yourself speed up.
* * * LOW HITPOINT WARNING * * *
You feel sick. The adder bites you.
* * * LOW HITPOINT WARNING * * *
You are more poisoned.
The adder poisons you!
You are very lightly contaminated with residual magic.
Casting: Pain
Confirm with . or Enter, or press ? or * to list all spells.
Okay, then.
It was a potion of agility.
You feel agile all of a sudden. The adder bites you but does no damage.
It was a potion of brilliance.
You feel clever all of a sudden.
You die...

##.#.. ..... ..# .#.)
#.# ... #.# ..####.#
..##..# #.##..# #@##..#
######S##..############
#.....S.....>..........
#.###..##.#############
#..##.# #..##.# #..##.#
#### #...... #...
....... ...##.#.


You could see 2 adders.

Vanquished Creatures
  An adder (D:2)
  2 giant cockroaches (D:1)
  4 goblins
  5 hobgoblins
  2 jackals (D:2)
  5 kobolds
  A quokka (D:2)
  3 bats
  3 frilled lizards
  2 rats (D:1)
28 creatures vanquished.

Notes
Turn   | Place    | Note
-------+----------+-------------------------------------------
     0 | D:1      | theAP the Demonspawn Necromancer began the quest for the Orb.
     0 | D:1      | Reached XP level 1. HP: 13/13 MP: 3/3
   118 | D:1      | Gained mutation: You have a pair of small antennae on your head. [demonic ancestry]
   118 | D:1      | Reached XP level 2. HP: 12/19 MP: 1/5
   319 | D:1      | Reached skill level 1 in Maces & Flails
   649 | D:2      | Found a bloodstained altar of Trog.
   961 | D:2      | Gained mutation: You are partially covered in slimy green scales. (AC +2) [demonic ancestry]
   961 | D:2      | Reached XP level 3. HP: 6/24 MP: 2/6
  1077 | D:2      | HP: 1/24 [adder (1)]
  1079 | D:2      | Succumbed to an adder's poison

Skill      XL: |  1  2 |
---------------+-------+-----
Maces & Flails | 2 |  2.0
Dodging        | |  1.7
Stealth        | |  1.7
Spellcasting   | |  2.1
Necromancy     | |  4.7

Action                   || total
-------------------------++-------
Melee: Whip              ||    30
       Unarmed           ||     2
 Cast: Pain              ||    46
  Use: Scroll            ||     2
       Potion            ||     3
  Eat: Chunk             ||     1
Armor: Leather armour    ||    14
Dodge: Dodged            ||    32
